 Dungeon Crawl Stone Soup version 0.27.1-3-gb3d3a73c9e (webtiles) character file.

Game seed: 4150060147645538838

893 Crownlay the Geomancer (level 8, -9/41 HPs)
             Began as a Gargoyle Earth Elementalist on Oct 17, 2021.
             Killed from afar by Dowan (20 damage)
             ... with a shard of ice
             ... on level 5 of the Dungeon.
             The game lasted 00:09:05 (4725 turns).

Crownlay the Geomancer (GrEE)                       Turns: 4725, Time: 00:09:06

Health: -9/41      AC:  8    Str: 11    XL:     8   Next: 6%
Magic:  8/16       EV: 11    Int: 19    God:
Gold:   135        SH:  0    Dex: 10    Spells: 14/18 levels left

rFire    . . .     SeeInvis .   o - +1 dagger (elec)
rCold    . . .     Faith    .   (no shield)
rNeg     + . .     Spirit   .   b - +0 robe
rPois    ∞         Reflect  .   j - +0 helmet
rElec    +         Harm     .   (no cloak)
rCorr    .         Rampage  .   (no gloves)
Will     .....                  (no boots)
Stlth    ++........             (no amulet)
HPRegen  0.13/turn              (no ring)
MPRegen  0.15/turn              (no ring)

@: no status effects
A: sickness immunity, AC +5, negative energy resistance 1, electricity
resistance, torment resistance 1, petrification resistance
a: no special abilities


You were on level 5 of the Dungeon.
You visited 1 branch of the dungeon, and saw 5 of its levels.

You collected 135 gold pieces.

Inventory:

Hand Weapons
 k - a +1 hand axe of electrocution
 o - a +1 dagger of electrocution (weapon)
Missiles
 c - 137 stones
 g - 23 poisoned darts
 r - 7 silver javelins
Armour
 b - a +0 robe (worn)
 j - a +0 helmet (worn)
Jewellery
 p - a ring of protection from cold
Scrolls
 a - a scroll of immolation {unknown}
 d - a scroll of amnesia {unknown}
 e - a scroll of identify
 f - a scroll of noise {unknown}
 n - a scroll of fog {unknown}
 s - a scroll of summoning {unknown}
 t - 3 scrolls of teleportation
 u - a scroll of brand weapon {unknown}
 v - a scroll of acquirement {unknown}
Potions
 h - 2 potions of might {unknown}
 i - a potion of haste {unknown}
 l - a potion of heal wounds {unknown}
 m - 3 potions of mutation
 q - a potion of curing {unknown}
 w - a potion of attraction {unknown}


   Skills:
 - Level 1.5 Dodging
 - Level 2.1 Stealth
 + Level 5.8 Spellcasting
 + Level 2.4 Conjurations
 - Level 0.7 Transmutations
 + Level 8.1 Earth Magic


You had 14 spell levels left.
You knew the following spells:

 Your Spells              Type           Power      Damage    Failure   Level
a - Sandblast             Erth           72%        2d16      1%          1
b - Stone Arrow           Conj/Erth      50%        3d10      4%          3

Your spell library contained the following spells:

 Spells                   Type           Power      Damage    Failure   Level
 Passwall                 Tmut/Erth      18%        N/A       2%          2
 Beastly Appendage        Tmut           16%        N/A       9%          1
 Wereblood                Tmut           8%         N/A       13%         2
 Petrify                  Tmut/Erth      22%        N/A       19%         4
 Spider Form              Tmut/Pois      3%         N/A       30%         3
 Fireball                 Conj/Fire      5%         3d5       88%         5
 Starburst                Conj/Fire      5%         6d4       100%        6
 Ignition                 Fire           2%         3d3       100%        8


Dungeon Overview and Level Annotations

Branches:
Dungeon (5/15)
 Temple: D:4-7

Altars:

Annotations:
D:5 Dowan


Innate Abilities, Weirdness & Mutations

You are immune to sickness and miasma.
Your stone body is resilient. (AC +5)
You are immune to poison.
You resist negative energy. (rN+)
You are resistant to electric shocks. (rElec)
You are resistant to unholy torment.
You are immune to petrification.


Message History

Duvessa barely misses you.
Casting: Sandblast (safe; 1% risk of failure)
Confirm with . or Enter, or press ? or * to list all spells.
Aiming: Sandblast (safe; 1% risk of failure)
Press: ? - help, Shift-Dir - straight line, f/p - Dowan
Aim: Dowan, wielding a +0 dagger and wearing a +0 robe (moderately wounded, 75% to hit)
The blast of sand hits Duvessa!
You kill Duvessa!
Dowan's eyes darken. "You have made a black mistake."
Dowan seems to find hidden reserves of power!
Dowan barely misses you.
Your Conjurations skill increases to level 2!
Your Earth Magic skill increases to level 8!
You have reached level 8!
You feel clever.
Casting: Sandblast (safe; 1% risk of failure)
Confirm with . or Enter, or press ? or * to list all spells.
Aiming: Sandblast (safe; 1% risk of failure)
Press: ? - help, Shift-Dir - straight line, f/p - Dowan
Aim: Dowan, wielding a +0 dagger and wearing a +0 robe (moderately wounded, fast, 75% to hit)
The blast of sand misses Dowan.
Dowan barely misses you.
Casting: Sandblast (safe; 1% risk of failure)
Confirm with . or Enter, or press ? or * to list all spells.
Aiming: Sandblast (safe; 1% risk of failure)
Press: ? - help, Shift-Dir - straight line, f/p - Dowan
Aim: Dowan, wielding a +0 dagger and wearing a +0 robe (moderately wounded, fast, 75% to hit)
The blast of sand hits Dowan!
Dowan is almost dead.
Dowan hits you but does no damage.
Dowan mumbles some strange words.
Dowan blinks!
Casting: Sandblast (safe; 1% risk of failure)
Confirm with . or Enter, or press ? or * to list all spells.
Aiming: Sandblast (safe; 1% risk of failure)
Press: ? - help, Shift-Dir - straight line, f/p - Dowan
Aim: Dowan, wielding a +0 dagger and wearing a +0 robe (almost dead, fast, 75% to hit)
The blast of sand misses Dowan.
Dowan points at you and mumbles some strange words.
The shard of ice hits you!!
You die...

# #...#.##.'....#.#
#.#.###.##.#....#.#
#..<)...##.#....#.#
##########.######[#
#.........# .#
#.######### #.#
#.....# #.###.###.#
#.e@).# #######


You could see Dowan (fast).

Vanquished Creatures
  A wyvern (D:4)
  Duvessa (D:5)
  2 ogres (D:4)
  A phantom (D:5)
  A kobold brigand (D:4)
  A centaur skeleton (D:5)
  An iguana (D:4)
  5 orc wizards
  A killer bee zombie (D:5)
  A gnoll (D:1)
  3 adders (D:3)
  A worm (D:4)
  2 dart slugs
  12 orcs
  7 ball pythons
  3 bats
  9 endoplasms
  2 giant cockroaches (D:2)
  7 goblins
  8 hobgoblins
  14 kobolds
  A quokka (D:2)
  3 frilled lizards
87 creatures vanquished.

Notes
Turn   | Place    | Note
-------+----------+-------------------------------------------
     0 | D:1      | Crownlay the Gargoyle Earth Elementalist began the quest
                  | for the Orb.
     0 | D:1      | Reached XP level 1. HP: 10/10 MP: 3/3
   244 | D:1      | Reached skill level 4 in Earth Magic
   244 | D:1      | Reached XP level 2. HP: 13/15 MP: 5/5
   358 | D:1      | Found a faded altar of an unknown god.
   360 | D:1      | Noticed a shining eye
   362 | D:1      | Noticed a golden eye
   362 | D:1      | Noticed a great orb of eyes
   362 | D:1      | Noticed a great orb of eyes
  1033 | D:1      | Reached XP level 3. HP: 9/19 MP: 5/7
  2479 | D:3      | Reached skill level 5 in Earth Magic
  2479 | D:3      | Reached XP level 4. HP: 24/24 MP: 4/8
  2683 | D:3      | Reached XP level 5. HP: 26/28 MP: 10/10
  3003 | D:3      | Learned a level 3 spell: Stone Arrow
  3463 | D:4      | Noticed an ogre
  3468 | D:4      | Killed an ogre
  3469 | D:4      | Reached skill level 6 in Earth Magic
  3469 | D:4      | Reached XP level 6. HP: 32/32 MP: 6/12
  3687 | D:4      | Noticed a wyvern
  3694 | D:4      | Killed a wyvern
  3695 | D:4      | Reached skill level 5 in Spellcasting
  3695 | D:4      | Reached skill level 7 in Earth Magic
  3695 | D:4      | Reached XP level 7. HP: 13/36 MP: 14/14
  4099 | D:4      | Reached skill level 1 in Conjurations
  4509 | D:5      | Entered Level 5 of the Dungeon
  4709 | D:5      | Noticed Duvessa
  4709 | D:5      | Noticed Dowan
  4722 | D:5      | Killed Duvessa
  4723 | D:5      | Reached skill level 8 in Earth Magic
  4723 | D:5      | Reached XP level 8. HP: 10/41 MP: 11/16
  4725 | D:5      | Killed from afar by Dowan

Illustrated notes

Levels and vault maps discovered:
D:1:      grunt_arrival_crossed_arrows, layout_basic,
          hellmonk_ecumenical_altar_watching_god
D:2:      layout_loops_ring
D:3:      layout_basic, kennysheep_generic_room_12
D:4:      cheibrodos_thug_alley, layout_rooms, minmay_vboxes
D:5:      layout_basic, slow_altar_2, uniq_duvessa

Skill      XL: |  1  2  3  4  5  6  7 |
---------------+----------------------+-----
Earth Magic    | 4 5 6 7 8 |  8.1
Spellcasting   | 3 4 5 |  5.8
Conjurations   | 2 |  2.4
Dodging        | |  1.5
Stealth        | |  2.1
Transmutations | |  0.7

Action                   |  1- 3 |  4- 6 |  7- 9 || total
-------------------------+-------+-------+-------++-------
Melee: Dagger            |   124 |    20 |    44 ||   188
       Hand axe          |       |    41 |       ||    41
Throw: Dart              |    16 |       |       ||    16
 Cast: Sandblast         |    16 |    25 |    19 ||    60
       Stone Arrow       |       |     3 |     2 ||     5
  Use: Scroll            |       |       |     2 ||     2
 Stab: Sleeping          |     5 |     3 |     2 ||    10
Armor: Robe              |    61 |    28 |    29 ||   118
Dodge: Dodged            |    77 |    37 |    39 ||   153
